 Dungeon Crawl Stone Soup version 0.21.1-1-g345015fe64 (webtiles) character file.

22 Jannitor the Vexing (level 2, 0/19 HPs)
             Began as a Demonspawn Enchanter on June 24, 2018.
             Slain by a kobold
             ... wielding a +0 short sword
              (2 damage)
             ... on level 1 of the Dungeon.
             The game lasted 00:01:51 (1273 turns).

Jannitor the Vexing (Demonspawn Enchanter)          Turns: 1273, Time: 00:01:51

Health: 0/19       AC:  2    Str:  8    XL:     2   Next: 68%
Magic:  1/5        EV: 12    Int: 16    God:
Gold:   31         SH:  0    Dex: 13    Spells: 2/5 levels left

rFire    . . .     SeeInvis .   a - +1 dagger
rCold    . . .     Gourm    .   (no shield)
rNeg     . . .     Faith    .   b - +0 robe
rPois    .         Spirit   .   (helmet restricted)
rElec    .         Reflect  .   (no cloak)
rCorr    .         Harm     .   (no gloves)
MR       .....                  (no boots)
Stlth    ++........             (no amulet)
HPRegen  0.06/turn              (no ring)
MPRegen  0.09/turn              (no ring)

@: no status effects
A: antennae 1
a: no special abilities


You were on level 1 of the Dungeon.
You were not hungry.

You visited 1 branch of the dungeon, and saw 1 of its levels.

You collected 31 gold pieces.

Inventory:

Hand Weapons
 a - a +1 dagger (weapon)
Missiles
 e - 13 stones (quivered)
 f - 29 poisoned needles
Armour
 b - a +0 robe (worn)
Scrolls
 i - a scroll of random uselessness {unknown}
Potions
 g - a potion of brilliance {unknown}
Books
 c - a book of Maledictions

   Spells                             Type                      Level
   a - Corona                         Hexes                        1
   b - Ensorcelled Hibernation        Hexes/Ice                    2
   c - Confuse                        Hexes                        3
   d - Tukima's Dance                 Hexes                        3
   e - Dazzling Spray                 Conjuration/Hexes            3
Comestibles
 d - 2 rations
 h - 3 chunks of flesh


   Skills:
 + Level 1.4 Short Blades
 - Level 1.7 Dodging
 + Level 3.1 Stealth
 - Level 2.0 Spellcasting
 + Level 3.3 Hexes
 + Level 0.3 Ice Magic


You had 2 spell levels left.
You knew the following spells:

 Your Spells              Type           Power        Failure   Level  Hunger
a - Corona                Hex            ##.....      5%          1    #......
b - Ensorcelled Hibernat  Hex/Ice        #.....       14%         2    ###....


Dungeon Overview and Level Annotations

Branches:
Dungeon (1/15)

Altars:


Innate Abilities, Weirdness & Mutations

You have a pair of small antennae on your head.


Message History

The stone hits you but does no damage. The kobold closely misses you.
You barely miss the kobold. The kobold hits you with a short sword.
You closely miss the kobold. The kobold hits you with a short sword!
You are too injured to fight recklessly!
You are too injured to fight recklessly!
You hit the kobold.
The kobold is moderately wounded.
The kobold hits you with a short sword.
* * * LOW HITPOINT WARNING * * *
You hit the kobold but do no damage. The kobold hits you with a short sword.
* * * LOW HITPOINT WARNING * * *
Casting: Corona
Confirm with . or Enter, or press ? or * to list all spells.
Aiming: Ensorcelled Hibernation
Press: ? - help, Shift-Dir - straight line, f/p - kobold
Aim: a kobold, wielding a short sword (softly glowing, chance to defeat MR: 56%)
The kobold resists with significant effort.
The kobold hits you with a short sword.
You die...

#.#.#.#.#.###.##......).......
#.#.#.#.#........#............
#.#.#.#.#####....#...##♣♣♣.♣♣♣
#.#.....#........#...# ♣⌠♣
####'#.....#.###....#...♣♣♣♣♣.♣♣♣
...........#.# ####.#......⌠.<.⌠.
...........#.# ##+#...♣♣♣♣♣.♣♣♣
...........#.#####......# ♣⌠♣
...........#...(@K......##♣♣♣.♣♣♣
...........#######(..............
...........#....g..........)..###
...........#........######.......
.......)...#....$...# #.......
####...#####........# #.#.####
#...# #..K...... #.#.# #####
#......... #.#.#### #..........
..#.....


You could see a kobold.

Vanquished Creatures
  3 dart slugs (D:1)
  A bat (D:1)
  4 goblins (D:1)
  3 hobgoblins (D:1)
  A frilled lizard (D:1)
  2 kobolds (D:1)
  A rat (D:1)
15 creatures vanquished.

Notes
Turn   | Place    | Note
-------+----------+-------------------------------------------
     0 | D:1      | Jannitor the Demonspawn Enchanter began the quest for the Orb.
     0 | D:1      | Reached XP level 1. HP: 13/13 MP: 3/3
    38 | D:1      | Reached skill level 1 in Short Blades
   411 | D:1      | Gained mutation: You have a pair of small antennae on your head. [demonic ancestry]
   411 | D:1      | Reached XP level 2. HP: 15/19 MP: 3/5
   478 | D:1      | Learned a level 2 spell: Ensorcelled Hibernation
  1273 | D:1      | Slain by a kobold

Skill      XL: |  1  2 |
---------------+-------+-----
Short Blades   | 1 |  1.4
Stealth        | 3 |  3.1
Dodging        | |  1.7
Spellcasting   | |  2.0
Hexes          | |  3.3
Ice Magic      | |  0.3

Action                   || total
-------------------------++-------
Melee: Dagger            ||    57
Throw: Stone             ||     3
 Cast: Corona            ||    14
       Ensorcelled Hiber ||     1
 Stab: Sleeping          ||     5
  Eat: Chunk             ||     1
Armor: Robe              ||    10
Dodge: Dodged            ||    20
